AoeStats
← hualiya44

Lombardia

509765852Analyzed
4v4 RM · 3d ago on Sep 27, 2026· 17m 0s· 8 players
Game mode
Random Map
Map size
Large (8 player)
Population
200
Speed
Normal
Resources
Standard
Victory
Conquest
Starting age
Dark Age
Ending age
Imperial Age
RankedLock teamsTeams togetherTeam positionsShared explorationLock speedFull tech treeHidden civsTurbo modeCheats
Victory
Defeat
🇲🇽 Saracens · Mexico
1329
+14
🇫🇷 Varangians · France
1289
+16
🇺🇸 Vikings · United States
1288
+16
🇺🇦 Mongols · Ukraine
1231
+17
🇦🇷 Persians · Argentina
1339
-19
🇲🇽 Danes · Mexico
1270
-15
🇦🇷 Goths · Argentina
1268
-15
🇦🇷 Hindustanis · Argentina
1244
-14
derschulerin
1:47 Loom
11:21 Feudal Age
16:04 Castle Age
14:25 Double-Bit Axe
15:40 Horse Collar
15:52 Gold Mining
Lordbaldomero23
8:17 Loom
10:44 Feudal Age
14:22 Castle Age
12:20 Double-Bit Axe
12:33 Horse Collar
15:05 Bow Saw
hualiya44
0:33 Loom
12:06 Feudal Age
17:20 Castle Age
[BANDY2] Orok
2:13 Loom
10:55 Feudal Age
15:41 Castle Age
15:02 Double-Bit Axe
14:58 Horse Collar
16:57 Bow Saw
YuF
11:18 Feudal Age
16:14 Castle Age
14:06 Double-Bit Axe
15:26 Wheelbarrow
14:51 Horse Collar
16:39 Gold Mining
16:58 Heavy Plow
17:09 Bow Saw
OfFspRlNg
12:01 Feudal Age
10:18 Loom
16:15 Castle Age
15:41 Double-Bit Axe
15:39 Horse Collar
only_mousee
5:32 Loom
10:00 Feudal Age
13:49 Castle Age
14:26 Bloodlines
Sc100Pitie
6:59 Loom
9:17 Feudal Age
9:48 Double-Bit Axe
10:11 Horse Collar
11:56 Bloodlines
17:33 Scale Barding Armor
18:13 Wheelbarrow
Connection lost

Rejoining the realm…

Still unreachable

The connection could not be restored.

Session expired

The server has moved on; the page needs a fresh start.